 Dungeon Crawl Stone Soup version 0.31.0-4-g52a2dc7128 (webtiles) character file.

Game seed: 18007244618862509310

16331 Strat the Slicer (level 12, -2/67 HPs)
             Began as a Vine Stalker Necromancer on Jan 22, 2024.
             Was a Believer of Uskayaw.
             Slain by a death yak simulacrum (25 damage)
             ... on level 5 of the Lair of Beasts.
             The game lasted 00:30:53 (12067 turns).

Strat the Slicer (Vine Stalker Necromancer)        Turns: 12067, Time: 00:30:55

Health: -2/67      AC: 13    Str: 12    XL:     12   Next: 36%
Magic:  0/19       EV: 13    Int: 15    God:    Uskayaw [**....]
Gold:   1842       SH:  6    Dex: 25    Spells: 14/15 levels left

rFire   . . .        b - +3 short sword (venom)
rCold   . . .        y - +0 buckler
rNeg    . . .        c - +0 steam dragon scales
rPois   .            d - +0 helmet
rElec   .            x - +2 cloak
rCorr   .            p - +2 pair of gloves
SInv    .            L - +0 pair of boots
Will    +....        g - amulet of faith
Stlth   +++++        t - +6 ring of dexterity
HPRegen 1.11/turn    (no ring)
MPRegen 0.16/turn

%: guardian spirit, faith
@: no status effects
A: fangs 3, regeneration 1, magic shield, antimagic bite, no potion heal 2
a: Renounce Religion, Stomp, Line Pass


You were on level 5 of the Lair of Beasts.
You worshipped Uskayaw.
Uskayaw was aware of your devotion.
You visited 3 branches of the dungeon, and saw 18 of its levels.
You also visited: Ossuary.

You collected 1842 gold pieces.

Inventory:

Hand Weapons
 a - a +1 dagger of holy wrath
 b - a +3 short sword of venom (weapon)
 v - a +4 short sword
Missiles
 l - 7 poisoned darts (quivered)
Armour
 c - +0 steam dragon scales (worn)
 d - a +0 helmet (worn)
 h - a +2 kite shield
 n - a +0 ring mail
 p - a +2 pair of gloves (worn)
 x - a +2 cloak (worn)
 y - a +0 buckler (worn)
 L - a +0 pair of boots (worn)
Jewellery
 g - an amulet of faith (around neck)
 o - a ring of fire
 t - a +6 ring of dexterity (left hand)
 I - a +6 ring of intelligence
Wands
 F - a wand of flame (10)
 J - a wand of mindburst (8)
Scrolls
 k - 3 scrolls of immolation
 m - a scroll of silence
 r - 3 scrolls of noise
 s - 2 scrolls of revelation
 u - 4 scrolls of teleportation
 D - a scroll of fog
 E - 2 scrolls of enchant weapon
 H - a scroll of vulnerability
 K - 2 scrolls of blinking
Potions
 e - a potion of cancellation
 f - 6 potions of curing
 i - 2 potions of brilliance
 j - 2 potions of enlightenment
 q - 2 potions of haste
 w - a potion of might
 z - a potion of ambrosia
 A - a potion of lignification {unknown}
 B - 2 potions of mutation
 C - a potion of resistance
 G - a potion of magic
 M - a potion of berserk rage {unknown}


   Skills:
 - Level 10.0 Fighting
 - Level 10.0 Short Blades
 - Level 2.9 Dodging
 - Level 10.0 Stealth
 - Level 4.0 Shields
 - Level 2.1 Spellcasting
 - Level 4.0 Necromancy
 + Level 9.0 Invocations


You had 14 spell levels left.
You knew the following spells:

 Your Spells              Type           Power      Damage    Failure   Level
a - Necrotise             Necr           52%        1d6       6%          1

Your spell library contained the following spells:

 Spells                   Type           Power      Damage    Failure   Level
 Kiss of Death            Conj/Necr      28%        2d7       13%         1
 Fugue of the Fallen      Necr           13%        N/A       17%         3
 Vampiric Draining        Necr           13%        2d6       17%         3
 Animate Dead             Necr           13%        N/A       50%         4
 Dispel Undead            Necr           13%        3d9       50%         4
 Confusing Touch          Hex            1%         N/A       65%         3
 Inner Flame              Hex/Fire       1%         N/A       65%         3
 Ozocubu's Armour         Ice            1%         N/A       65%         3
 Curse of Agony           Necr           13%        N/A       85%         5
 Flame Wave               Conj/Fire      1%         2d4       96%         4
 Manifold Assault         Tloc           1%         N/A       96%         4
 Sticky Flame             Fire/Alch      1%         2d4       96%         4


Dungeon Overview and Level Annotations

Branches:
Dungeon (12/15)            Temple (1/1) D:6            Lair (5/5) D:10
    Orc (0/2) D:9         Ossuary (visited)
  Swamp: Lair:2-3    Shoals: Lair:2-3     Snake: Lair:2-3    Spider: Lair:2-3
  Slime: Lair:4-5

Altars:
Ashenzari
Cheibriados
Dithmenos
Elyvilon
Fedhas
Gozag
Hepliaklqana
Kikubaaqudgha
Makhleb
Nemelex Xobeh
Okawaru
Qazlal
Ru
Sif Muna
Trog
Uskayaw
Vehumet
Wu Jian
Xom
Yredelemnul
Zin
The Shining One
Jiyva

Shops:
D:7 :=?

Annotations:
D:5 Edmund, Menkaure, Sigmund
D:7 2 runed translucent doors, Crazy Yiuf
D:11 4 transporters
Lair:4 2 transporters, DeathSocks's ghost, journeyman MiGl


Innate Abilities, Weirdness & Mutations

You have razor-sharp teeth.
Your natural rate of healing is unusually fast.
When hurt, damage is shared between your health and your magic reserves.
Your bite disrupts and absorbs the magic of your enemies.
Potions cannot restore your health.


Message History

The elephant skeleton tramples you but does no damage.
You hit the elephant skeleton. You bite the elephant skeleton.
You drain its power.
The elephant skeleton is heavily damaged.
The death yak simulacrum gores the withered plant.
The withered plant begins to crumble.
The death yak simulacrum freezes the withered plant!!
You puncture the elephant skeleton! You bite the elephant skeleton.
You drain its power.
The elephant skeleton is severely damaged.
The elephant skeleton barely misses you.
You hit the elephant skeleton. You bite the elephant skeleton.
You drain its power.
The elephant skeleton is almost destroyed.
The death yak simulacrum gores the withered plant!!
The death yak simulacrum freezes the withered plant!!
You hit the elephant skeleton.
The elephant skeleton is almost destroyed.
You can now pass through a line of other dancers.
You hit the elephant skeleton.
You destroy the elephant skeleton!
Your Invocations skill increases to level 9!
You hit the death yak simulacrum but do no damage.
You bite the death yak simulacrum! You drain its power.
The death yak simulacrum is lightly damaged.
You hit the death yak simulacrum but do no damage.
You bite the death yak simulacrum. You drain its power.
The death yak simulacrum is moderately damaged.
The withered plant crumbles away.
The death yak simulacrum gores you. The death yak simulacrum freezes you!!!
* * * LOW HITPOINT WARNING * * *
You hit the death yak simulacrum but do no damage.
The death yak simulacrum is moderately damaged.
You hit the death yak simulacrum but do no damage.
You bite the death yak simulacrum, but do no damage.
The death yak simulacrum is moderately damaged.
The death yak simulacrum gores you!
* * * LOW HITPOINT WARNING * * *
The death yak simulacrum freezes you!!
You die...

.(# ##..#.#~~~~~~* ..#
##.#.##~~~,,* ..#*
#.#..#~,,,** #..*
#.##.###*+** *..#
***.♣#...#8,8*
*.##****,*,,###.#,,,***
,.#,,,**,,*,,*#.##,,*,*
*,,,,,,,,,,,,*#†.#,,+,##
,*,,,,,,,,,,,*##@#,,+.P##
,,,,,,,,*,,,,* #Z####...##
,,^,,,,**,,,** #Z...'....#
,*******,*,,***###..Z.Z..#
*,*****,*,,**,,,+..8##...#
,,,,,*,,,,,**,,,#####,,.##
,,,,,,,,,,,**,,,* **,,#
*,*,,*,***,**,,,* **,,*
**,*******,**,,,* *,,,*


You could see a death yak simulacrum and an elephant zombie.

Vanquished Creatures
  Erica (D:8)
  3 two-headed ogres
  A boulder beetle (D:11)
  2 cyclopes (D:11)
  A manticore (D:11)
  A black mamba (Lair:4)
  4 cane toads
  Maggie (D:7)
  A rime drake (D:10)
  Psyche (D:9)
  A polar bear (D:10)
  A troll (D:9)
  A hornet (D:8)
  Prince Ribbit (D:5)
  A shadow (D:10)
  A vampire (D:11)
  A wyvern (D:9)
  A wraith (D:11)
  A warg (D:9)
  16 yaks
  A steam dragon (D:9)
  6 water moccasins
  3 orc warriors
  An elephant zombie (Lair:5)
  3 black bears
  An ogre (D:6)
  6 ice beasts
  A sky beast (D:6)
  4 wolves
  An elephant skeleton (Lair:5)
  A lemure (D:5)
  2 centaurs
  A phantom (D:4)
  4 gnoll sergeants
  3 bullfrogs
  4 scorpions
  A cane toad simulacrum (Lair:5)
  10 wights
  6 killer bees (D:10)
  3 howler monkeys
  4 electric eels (D:11)
  A human zombie (Ossuary)
  A hound (D:5)
  2 jellies (D:6)
  10 orc priests
  An iguana (D:5)
  8 orc wizards
  A hound zombie (Ossuary)
  4 mummies (Ossuary)
  13 gnolls
  4 adders
  A shadow imp (D:4)
  2 white imps (D:7)
  3 adder zombies (Ossuary)
  A dart slug (D:1)
  2 ribbon worms
  29 orcs
  7 endoplasms
  3 giant cockroaches
  9 goblins
  7 hobgoblins
  13 jackals
  A kobold (D:1)
  6 quokkas
  3 ball pythons
  A bat (D:1)
  A frilled lizard (D:1)
  A gnoll zombie (Ossuary)
  A goblin zombie (Ossuary)
  2 hobgoblin zombies (Ossuary)
  An orc zombie (Ossuary)
  A rat (D:2)
  2 rat zombies (Ossuary)
249 creatures vanquished.

Vanquished Creatures (collateral kills)
  Amaemon (D:8)
  An orange demon (D:8)
  2 orc wizards (D:8)
  An orc (D:8)
5 creatures vanquished.

Grand Total: 254 creatures vanquished

Notes
Turn   | Place    | Note
-------+----------+-------------------------------------------
     0 | D:1      | Strat the Vine Stalker Necromancer began the quest for the
                  | Orb.
     0 | D:1      | Reached XP level 1. HP: 9/9 MP: 4/4
    27 | D:1      | Reached skill level 1 in Fighting
    87 | D:1      | Reached XP level 2. HP: 14/14 MP: 4/6
   184 | D:1      | Reached skill level 1 in Short Blades
   211 | D:1      | Reached XP level 3. HP: 18/18 MP: 7/7
  1497 | D:2      | Found a faded altar of an unknown god.
  1679 | D:3      | Noticed a black bear
  1944 | D:3      | Reached XP level 4. HP: 23/23 MP: 8/8
  2152 | D:3      | Killed a black bear
  2153 | D:3      | Reached XP level 5. HP: 11/28 MP: 4/9
  2735 | D:4      | Noticed a centaur
  2839 | D:4      | Noticed a phantom
  2953 | D:4      | Killed a centaur
  2954 | D:4      | Reached XP level 6. HP: 25/33 MP: 10/10
  3326 | D:4      | Noticed a black bear
  3357 | D:4      | Killed a black bear
  3358 | D:4      | Reached XP level 7. HP: 38/38 MP: 11/11
  3451 | D:5      | Entered Level 5 of the Dungeon
  3487 | D:5      | Noticed Edmund
  3569 | D:5      | Noticed Prince Ribbit
  3856 | D:5      | Found a shadowy altar of Dithmenos.
  4060 | D:5      | Identified the +6 lajatang of Taxation {freeze, Fly Str-5
                  | Dex+2}
  4108 | D:5      | Noticed Sigmund
  4344 | D:5      | Reached skill level 5 in Short Blades
  4635 | D:6      | Reached skill level 5 in Fighting
  4654 | D:6      | Gained mutation: You have razor-sharp teeth. [Vine Stalker
                  | growth]
  4654 | D:6      | Reached XP level 8. HP: 36/43 MP: 8/12
  4684 | D:6      | Found a staircase to the Ecumenical Temple.
  4700 | Temple   | Entered the Ecumenical Temple
  4716 | Temple   | Became a worshipper of Uskayaw the Reveller
  4736 | D:6      | Reached * piety under Uskayaw
  4858 | D:6      | Reached ** piety under Uskayaw
  5145 | D:5      | Noticed Menkaure
  5206 | D:5      | Reached *** piety under Uskayaw
  5207 | D:5      | Killed Prince Ribbit
  5208 | D:5      | Reached skill level 5 in Stealth
  5685 | D:6      | Reached XP level 9. HP: 48/48 MP: 13/13
  5760 | D:6      | Found a stormy altar of Qazlal.
  5760 | D:6      | Found a white marble altar of Elyvilon.
  6181 | D:7      | Found a sand-covered staircase.
  6189 | Ossuary  | Entered an ossuary
  6229 | Ossuary  | Reached **** piety under Uskayaw
  6487 | D:7      | Found a runed translucent door.
  6488 | D:7      | Noticed Crazy Yiuf
  6542 | D:7      | Found a runed translucent door.
  6882 | D:7      | Noticed a boulder beetle
  6953 | D:7      | Found Weisuve's Book Emporium.
  6963 | D:7      | Found Idghes's Jewellery Emporium.
  6964 | D:7      | Found Fisch's Magic Scroll Emporium.
  7020 | D:7      | Noticed Maggie
  7102 | D:7      | Killed Maggie
  7522 | D:8      | Noticed Erica
  7557 | D:8      | Killed Erica
  7558 | D:8      | Reached skill level 1 in Invocations
  7558 | D:8      | Reached XP level 10. HP: 40/55 MP: 9/14
  7932 | D:8      | Noticed Amaemon
  7932 | D:8      | Noticed an orange demon
  7943 | D:8      | Killed an orange demon
  7951 | D:8      | Killed Amaemon
  7952 | D:8      | Reached skill level 10 in Short Blades
  8257 | D:8      | Reached ***** piety under Uskayaw
  8357 | D:9      | Noticed Psyche
  8511 | D:9      | Reached ****** piety under Uskayaw
  8836 | D:9      | Killed Psyche
  8866 | D:9      | Found a staircase to the Orcish Mines.
  9104 | D:10     | Entered Level 10 of the Dungeon
  9114 | D:9      | Reached XP level 11. HP: 50/60 MP: 13/15
  9215 | D:10     | Reached skill level 5 in Invocations
  9387 | D:10     | Found a staircase to the Lair.
  9534 | D:10     | Found the +7 staff of the Meek {protect, meekguard}
  9668 | D:10     | Noticed a two-headed ogre
  9698 | D:10     | Killed a two-headed ogre
  9951 | D:11     | Reached skill level 1 in Shields
 10073 | D:11     | Noticed a manticore
 10091 | D:11     | Noticed a boulder beetle
 10113 | D:11     | Found a transporter.
 10132 | D:11     | Found a transporter.
 10362 | D:11     | You fall into a shaft and drop 1 floor!
 10397 | D:11     | Killed a manticore
 10746 | D:11     | Noticed a cyclops
 10749 | D:11     | Killed a cyclops
 10865 | D:11     | Found a transporter.
 10879 | D:11     | Found a transporter.
 10912 | D:11     | Noticed a cyclops
 10918 | D:11     | Killed a cyclops
 10967 | D:11     | Killed a boulder beetle
 10968 | D:11     | Reached skill level 10 in Stealth
 11087 | D:12     | Noticed a two-headed ogre
 11091 | D:12     | Killed a two-headed ogre
 11123 | D:12     | Noticed a two-headed ogre
 11138 | D:12     | Killed a two-headed ogre
 11139 | D:12     | Reached XP level 12. HP: 12/67 MP: 3/18
 11326 | Lair:1   | Entered Level 1 of the Lair of Beasts
 11428 | Lair:2   | Reached skill level 10 in Fighting
 11630 | Lair:4   | Found the +3 salamander hide armour {Flames, rFlCloud rF++
                  | rC--}
 11652 | Lair:4   | Noticed a death yak
 11657 | Lair:4   | Noticed DeathSocks's ghost (journeyman MiGl)
 11661 | Lair:4   | Found a transporter.
 11664 | Lair:4   | Found a transporter.
 11676 | Lair:4   | Found an iron altar of Okawaru.
 11704 | Lair:4   | Noticed an eight-headed hydra
 11717 | Lair:4   | Found a viscous altar of Jiyva.
 11837 | Lair:5   | Entered Level 5 of the Lair of Beasts
 11853 | Lair:5   | Identified a scroll of acquirement
 11853 | Lair:5   | Acquired 910 gold pieces
 11905 | Lair:5   | Noticed a dire elephant
 11905 | Lair:5   | Noticed a dire elephant
 11906 | Lair:5   | Noticed a dire elephant
 12067 | Lair:5   | Slain by a death yak simulacrum

Illustrated notes

Levels and vault maps discovered:
D:1:      lightli_arrival_maybe_door_vault, layout_rooms, serial_rivers,
          chequers_serial_rivers_room_b, chequers_serial_rivers_marsh,
          chequers_serial_rivers_small_3, chequers_serial_rivers_micro_d,
          chequers_serial_rivers_small_3
D:2:      layout_basic, dreamdust_ecumenical_altar_statues,
          nicolae_concentric_dashed_squares_wild, kennysheep_crisscross,
          kennysheep_generic_room_2
D:3:      layout_basic
D:4:      black_bear_nest_1, layout_loops_ring, minmay_starry_boxes
D:5:      kennysheep_windowed_halls, layout_loops_ring,
          nicolae_overflow_crystal_walls, uniq_pikel, uniq_sigmund,
          uniq_prince_ribbit1, uniq_menkaure, uniq_edmund
D:6:      layout_rooms, gammafunk_temple_overflow_pools,
          minmay_temple_entry_tees
D:7:      layout_basic, lightli_ossuary_entry_decrepit_ruins,
          nicolae_shop_distant_corner_stores, nicolae_sextant, st_stairs_11,
          lightli_church_of_beogh, uniq_maggie, uniq_crazy_yiuf_cottage
D:8:      layout_gridville, uniq_amaemon, uniq_erica
D:9:      layout_big_octagon, erik_orc_4, uniq_psyche
D:10:     layout_rooms, hellmonk_lair_entry_icy, skrybe_limestone_x
D:11:     layout_basic, nicolae_transporter_intersection
D:12:     cheibrodos_lost_city_excavation, layout_loops_cross
Temple:   compressed_dpeg_triangle_lava_temple
Lair:1:   layout_hall_layers, serial_bayou_pond_a, nzn_random_ring, uniq_fannar
Lair:2:   layout_loops_ring, minmay_swamp_entry_worms, serial_bayou_shore_a
Lair:3:   layout_gridlike, dummy_snake_entry
Lair:4:   layout_hall_layers, minmay_slime_entry_eyes, basic_altar,
          gammafunk_ghost_arena, st_stairs_7, nicolae_quartered_pool_impasse
Lair:5:   due_jungle_book, layout_loops_ring, bh_autumn_forest_stairs,
          roderic_batcave, minmay_shattered_shrine, uniq_snorg

Skill      XL: |  1  2  3  4  5  6  7  8  9 10 11 12 |
---------------+-------------------------------------+-----
Fighting       | 1 2 3 4 5 6 7 8 9 10 | 10.0
Short Blades   | 1 2 3 4 5 7 9 10 | 10.0
Stealth        | 3 5 8 10 | 10.0
Invocations    | 1 4 7 9 |  9.0
Dodging        | 2 |  2.9
Shields        | 3 4 |  4.0
Spellcasting   | |  2.1
Necromancy     | |  4.0

Action                     |  1- 3 |  4- 6 |  7- 9 | 10-12 || total
---------------------------+-------+-------+-------+-------++-------
  Melee: Dagger            |    78 |    71 |   401 |       ||   550
         Unarmed           |    10 |       |       |       ||    10
         Bite              |    54 |    50 |   170 |   220 ||   494
         Short sword       |    99 |    63 |    33 |   513 ||   708
         Punch             |     1 |     2 |    10 |     5 ||    18
  Throw: Dart              |       |     8 |    12 |       ||    20
   Cast: Necrotise         |       |     2 |       |       ||     2
  Evoke: Wand              |       |       |     3 |    14 ||    17
    Use: Scroll            |     1 |       |    20 |    13 ||    34
         Potion            |       |       |       |     1 ||     1
   Stab: Sleeping          |     4 |     2 |     3 |    12 ||    21
         Paralysed         |       |       |     5 |    24 ||    29
         Distracted        |       |       |     1 |     1 ||     2
 Armour: Robe              |   104 |       |       |       ||   104
         Ring mail         |       |    89 |   218 |       ||   307
         Steam dragon scal |       |       |     2 |   238 ||   240
  Dodge: Dodged            |   110 |    77 |   156 |   195 ||   538
  Block: Buckler           |       |       |       |    26 ||    26
